 Dungeon Crawl Stone Soup version 0.16-a0-623-g20b2139 (webtiles) character file.

1348 Afay the Covered (level 8, -1/67 HPs)
             Began as a Minotaur Fighter on Sept 18, 2014.
             Was a Believer of Makhleb.
             Slain by Foahim's ghost (5 damage)
             ... on Level 5 of the Dungeon.
             The game lasted 00:17:44 (5689 turns).

Afay the Covered (Minotaur Fighter)                 Turns: 5689, Time: 00:17:44

HP  -1/67        AC 10     Str 23      XL: 8   Next: 36%
MP  10/10        EV  7     Int  5      God: Makhleb [**....]
Gold 57          SH  9     Dex 10      Spells:  0 memorised,  7 levels left

rFire  . . .     SeeInvis .     a - +0 flail
rCold  . . .     Clarity  .     b - +0 scale mail
rNeg   . . .     rCorr    .     c - +0 shield
rPois  .         rRot     .     (helmet restricted)
rElec  .         Spirit   .     g - +0 cloak
SustAb .         Warding  .     t - +0 pair of gloves
rMut   .         Stasis   .     (no boots)
Gourm  .                        (no amulet)
MR     .....                    (no ring)
                                i - ring of teleport control

@: lethally poisoned, slowed, drained, very slow, not resistant to hostile
enchantments, extremely unstealthy
A: retaliatory headbutt, horns 2
a: Minor Destruction, Renounce Religion, Evoke Teleport Control


You were on level 5 of the Dungeon.
You worshipped Makhleb.
Makhleb was pleased with you.
You were very hungry.

You visited 1 branch of the dungeon, and saw 5 of its levels.

You collected 153 gold pieces.
You spent 96 gold pieces at shops.

Inventory:

Hand weapons
 a - a +0 flail (weapon)
Armour
 b - a +0 scale mail (worn)
 c - a +0 shield (worn)
 g - a +0 cloak (worn)
 t - a +0 pair of gloves (worn)
Magical devices
 e - a wand of digging (14) {unknown}
 C - a wand of heal wounds (4) {unknown}
Comestibles
 d - 3 bread rations
 j - 2 slices of pizza
 l - a royal jelly
 s - a meat ration
 H - a beef jerky
Scrolls
 f - a scroll of blinking {unknown}
 h - 2 scrolls of immolation {unknown}
 k - 4 scrolls of recharging {unknown}
 m - 4 scrolls of remove curse
 o - a scroll of magic mapping {unknown}
 r - 6 scrolls of identify
 u - a scroll of enchant armour {unknown}
 v - a scroll of amnesia {unknown}
 y - a scroll of fear {unknown}
Jewellery
 i - a ring of teleport control (left hand)
 w - a cursed ring of teleportation {unknown}
 E - an uncursed ring of protection from cold {unknown}
Potions
 n - 2 potions of cancellation
 p - a potion of agility {unknown}
 q - a potion of resistance {unknown}
 x - 2 potions of brilliance {unknown}
 z - a potion of poison {unknown}
 A - a potion of haste {unknown}
 B - a potion of curing {unknown}
 D - a potion of beneficial mutation {unknown}
 F - a potion of heal wounds {unknown}
 G - a potion of magic {unknown}


   Skills:
 - Level 4.4(3.5) Fighting
 - Level 6.0(5.1) Maces & Flails
 + Level 7.4(6.4) Armour
 - Level 2.1(1.2) Dodging
 - Level 5.2(4.3) Shields
 * Level 5.6(4.6) Invocations


You had 7 spell levels left.
You didn't know any spells.

Dungeon Overview and Level Annotations

Branches:
Dungeon (5/15)
 Temple: D:4-7

Altars:
Dithmenos
Makhleb
Okawaru
Trog
The Shining One

Shops:
D:5 ([=*?

Annotations:
D:5 Foahim's ghost, average OgCK


Innate Abilities, Weirdness & Mutations

You reflexively headbutt those who attack you in melee.
You have a pair of horns on your head.


Message History

You feel slightly more hungry.
You feel sick. Foahim's ghost hits you.
* * * LOW HITPOINT WARNING * * *
x2 Use which ability? (? or * to list)
Press: ? - help, Shift-Dir - straight line, f/p - Foahim's ghost
Aim: Foahim's ghost (heavily damaged) Foahim's ghost is unaffected.
You feel slightly more hungry.
You feel sick. Foahim's ghost hits you.
* * * LOW HITPOINT WARNING * * *
Foahim's ghost burns you.
* * * LOW HITPOINT WARNING * * *
You block Foahim's ghost's attack.
Use which ability? (? or * to list)
Press: ? - help, Shift-Dir - straight line, f/p - Foahim's ghost
Aim: Foahim's ghost (heavily damaged)
The zap hits Foahim's ghost.
Foahim's ghost is heavily damaged.
You feel slightly more hungry.
* * * LOW HITPOINT WARNING * * *
You feel sick. Foahim's ghost hits you.
You die...

#..## ##..####.## ..##
##.....## .## ##...## .#
#...# # ## ##...## ## #
#.....# ##. ##.....## #
#.. ##..###..####.. ##..
##..## ##..@#...# #...
##..## ##..W..# ##...
##..## #....## ##....
###..## ##...# ##..(..
##...## #....## ##......
#.(.## ####.....##
###....... #..##
#.#.......###.........
..##
#####..##.#....).........
..#
#..#..###.#..............


You could see Foahim's ghost.

Vanquished Creatures
  Edmund (D:4)
  2 phantoms (D:4)
  2 ogres
  The ghost of Foahim the Skirmisher, an average VSCK of Xom (D:3)
  A scorpion (D:4)
  4 hounds
  6 orc priests (D:5)
  6 orc wizards
  Natasha (D:5)
  2 worker ants
  Ijyb (D:4)
  11 adders
  2 oozes (D:1)
  16 orcs
  A ball python (D:1)
  12 bats
  3 giant cockroaches
  10 hobgoblins
  10 jackals
  2 quokkas
  A giant gecko (D:1)
  A giant gecko skeleton (D:4)
  3 giant newts
  11 goblins
  9 kobolds
  An orc skeleton (D:4)
  17 rats
137 creatures vanquished.

Vanquished Creatures (others)
  A worker ant (D:4)
  2 orcs (D:4)
3 creatures vanquished.

Grand Total: 140 creatures vanquished

Notes
Turn   | Place    | Note
--------------------------------------------------------------
     0 | D:1      | Afay, the Minotaur Fighter, began the quest for the Orb.
     0 | D:1      | Reached XP level 1. HP: 19/19 MP: 1/1
   210 | D:1      | Reached skill level 4 in Armour
   210 | D:1      | Reached XP level 2. HP: 25/27 MP: 1/1
   469 | D:1      | Reached XP level 3. HP: 30/33 MP: 2/2
  1211 | D:2      | Reached XP level 4. HP: 38/40 MP: 2/2
  1468 | D:3      | Noticed Foahim's ghost (average VSCK)
  1482 | D:3      | Killed Foahim's ghost
  1482 | D:3      | Reached skill level 1 in Dodging
  1482 | D:3      | Reached XP level 5. HP: 43/46 MP: 2/2
  1561 | D:3      | Found a burning altar of Makhleb.
  1567 | D:3      | Became a worshipper of Makhleb the Destroyer
  1664 | D:3      | Reached skill level 5 in Armour
  2023 | D:3      | Found a shadowy altar of Dithmenos.
  2036 | D:3      | Found a glowing golden altar of the Shining One.
  2190 | D:4      | Acquired Makhleb's first power
  2206 | D:4      | Reached skill level 5 in Shields
  2406 | D:4      | Reached skill level 1 in Invocations
  2506 | D:4      | Noticed a phantom
  2587 | D:4      | Killed a phantom
  2587 | D:4      | Reached XP level 6. HP: 39/53 MP: 2/4
  2610 | D:4      | Noticed Ijyb
  2614 | D:4      | Killed Ijyb
  2736 | D:4      | Found an iron altar of Okawaru.
  2737 | D:4      | Found a bloodstained altar of Trog.
  2940 | D:4      | Noticed Edmund
  2957 | D:4      | Killed Edmund
  2957 | D:4      | Reached XP level 7. HP: 55/60 MP: 5/7
  2966 | D:4      | Noticed an ogre
  2978 | D:4      | Killed an ogre
  2978 | D:4      | Reached skill level 5 in Maces & Flails
  3434 | D:4      | Acquired Makhleb's second power
  3474 | D:4      | Noticed a phantom
  3485 | D:4      | Killed a phantom
  3591 | D:4      | Reached skill level 6 in Maces & Flails
  3873 | D:5      | Entered Level 5 of the Dungeon
  3873 | D:5      | Found Uwaicuez's Jewellery Boutique.
  4187 | D:5      | Reached XP level 8. HP: 62/67 MP: 9/9
  4216 | D:5      | Found Crooto's Magic Scroll Emporium.
  4219 | D:5      | Bought a scroll of remove curse for 36 gold pieces
  4219 | D:5      | Bought a scroll of teleportation for 36 gold pieces
  4219 | D:5      | Bought a scroll of identify for 24 gold pieces
  4239 | D:5      | Found Roavy's General Store.
  4346 | D:5      | Reached skill level 5 in Invocations
  4584 | D:5      | Found Seufitua's Antique Armour Shoppe.
  4968 | D:5      | Found Qosu's Weapon Boutique.
  5018 | D:5      | Noticed Foahim's ghost (average OgCK)
  5344 | D:5      | Reached skill level 7 in Armour
  5496 | D:5      | Noticed Natasha
  5509 | D:5      | Killed Natasha
  5677 | D:5      | Paralysed by Foahim's ghost for 4 turns
  5689 | D:5      | Slain by Foahim's ghost

Action                   |  1- 3 |  4- 6 |  7- 9 || total
-------------------------+-------+-------+-------++-------
Melee: Flail             |   120 |   164 |   179 ||   463
Invok: Minor Destruction |       |       |     9 ||     9
  Use: Scroll            |       |       |     3 ||     3
       Potion            |       |       |     2 ||     2
  Eat: Chunk             |     1 |     5 |     9 ||    15
